 Dungeon Crawl Stone Soup version 0.26-a0-612-gd4d190f45e (webtiles) character file.

Game seed: 8378416135575426213

196 MrRokkomies the Digger (level 5, -3/31 HPs)
             Began as an Octopode Earth Elementalist on Sept 8, 2020.
             Slain by a worker ant (8 damage)
             ... on level 4 of the Dungeon.
             The game lasted 00:05:07 (3487 turns).

MrRokkomies the Digger (OpEE)                       Turns: 3487, Time: 00:05:08

Health: -3/31      AC:  1    Str:  7    XL:     5   Next: 74%
Magic:  8/9        EV: 14    Int: 18    God:
Gold:   147        SH:  0    Dex: 13    Spells: 3/9 levels left

rFire    . . .     SeeInvis .   a - +2 dagger (drain)
rCold    . . .     Faith    +   (no shield)
rNeg     . . .     Spirit   .   (helmet restricted)
rPois    .         Reflect  .   f - amulet of faith
rElec    .         Harm     .   (no ring)
rCorr    .                      (no ring)
MR       .....                  (no ring)
Stlth    ++........             (no ring)
HPRegen  0.10/turn              (no ring)
MPRegen  0.11/turn              (no ring)
                                (no ring)
                                (no ring)

@: confused, brilliant, flying
A: almost no armour, stealthy swim, amphibious, 8 rings, constrict 8, camouflage
1, gelatinous body 1
a: no special abilities


You were on level 4 of the Dungeon.
You visited 1 branch of the dungeon, and saw 4 of its levels.

You collected 147 gold pieces.

Inventory:

Hand Weapons
 a - a +2 dagger of draining (weapon)
Missiles
 b - 160 stones (quivered)
 d - 4 curare-tipped darts
 r - 5 poisoned darts
Jewellery
 f - an amulet of faith (around mantle)
Wands
 k - a wand of disintegration (29)
Scrolls
 e - 2 scrolls of teleportation
 m - 2 scrolls of amnesia
 n - 3 scrolls of remove curse
 o - a scroll of fog
 p - 4 scrolls of identify {unknown}
Potions
 c - a potion of stabbing {unknown}
 g - 2 potions of heal wounds {unknown}
 h - a potion of curing {unknown}
 i - 2 potions of brilliance
 j - 2 potions of flight
 l - a potion of degeneration {unknown}
 q - a potion of invisibility {unknown}


   Skills:
 * Level 3.6 Dodging
 + Level 4.2 Stealth
 + Level 2.7 Spellcasting
 - Level 1.0 Transmutations
 * Level 4.3 Earth Magic


You had 3 spell levels left.
You knew the following spells:

 Your Spells              Type           Power        Failure   Level
a - Sandblast             Erth           ####..       2%          1
b - Passwall              Tmut/Erth      ###.....     9%          2
c - Stone Arrow           Conj/Erth      ###...       21%         3

Your spell library contained the following spells:

 Spells                   Type           Power        Failure   Level
 Petrify                  Tmut/Erth      ###.....     50%         4
 Lee's Rapid Deconstruct  Erth           ####......   61%         5


Dungeon Overview and Level Annotations

Branches:
Dungeon (4/15)             Temple (0/1) D:4

Altars:

Annotations:
D:4 Sigmund


Innate Abilities, Weirdness & Mutations

You cannot wear most types of armour.
You are very stealthy in the water. (Stealth+)
You are amphibious.
You can wear up to eight rings at the same time.
You can use your tentacles to constrict eight enemies at once.
Your skin changes colour to match your surroundings (Stealth+).
Your rubbery body absorbs attacks. (AC +1, EV +1)


Message History

The orc priest shouts!
The frilled lizard hisses angrily.
You hear a shout!
An orc comes into view. It is wielding a +0 club.
The orc wizard gestures at you while chanting.
You are confused.
It was a potion of brilliance.
You feel clever all of a sudden. Sigmund gestures at you while chanting.
You are more confused.
The orc wizard points at you and mumbles some strange words.
You resist with some effort.
It was a potion of flight.
You feel very buoyant.
You fly up into the air.
The orc wizard casts a spell at you.
You are more confused.
Sigmund hits you with a +0 scythe!
Ouch! That really hurt!
* * * LOW HITPOINT WARNING * * *
The worker ant bites you!
You die...

.######)...........##
...# #..............####
##.###.................##
#......<...............#
#####.......$.>.........
......................
........?..............
######.................
########.@a.......
...>..@.r......#
...####..o.....# #
...lo..... #..........
#...oo..... #..........
#.........


You could see Sigmund, a worker ant, an orc priest, 2 orc wizards, an orc, a
quokka and a frilled lizard.

Vanquished Creatures
  2 bullfrog skeletons (D:4)
  6 adders
  An ooze (D:3)
  2 worms (D:2)
  2 dart slugs
  3 leopard geckos
  3 orcs
  4 bats
  3 giant cockroaches (D:1)
  8 goblins
  2 hobgoblins (D:1)
  8 jackals (D:1)
  2 quokkas
  A ball python (D:1)
  A frilled lizard (D:1)
  10 kobolds
  7 rats
65 creatures vanquished.

Notes
Turn   | Place    | Note
-------+----------+-------------------------------------------
     0 | D:1      | MrRokkomies the Octopode Earth Elementalist began the quest
                  | for the Orb.
     0 | D:1      | Reached XP level 1. HP: 11/11 MP: 3/3
   176 | D:1      | Reached XP level 2. HP: 17/17 MP: 5/5
   535 | D:1      | Reached XP level 3. HP: 20/21 MP: 6/6
  1311 | D:1      | Learned a level 2 spell: Passwall
  1315 | D:1      | Learned a level 3 spell: Stone Arrow
  2009 | D:2      | Reached XP level 4. HP: 27/27 MP: 3/7
  2649 | D:3      | Reached XP level 5. HP: 31/31 MP: 6/8
  3363 | D:4      | Found a staircase to the Ecumenical Temple.
  3482 | D:4      | Noticed Sigmund
  3487 | D:4      | Slain by a worker ant

Illustrated notes

Levels and vault maps discovered:
D:1:      dpeg_arrival_leaves_temple_mockup, layout_loops_ring, fountainhead,
          minmay_tetromino_i2
D:2:      minmay_chambers_of_twos, layout_rooms
D:3:      layout_loops_ring
D:4:      layout_rooms, minmay_temple_entry_waves, uniq_ijyb, uniq_sigmund

Skill      XL: |  1  2  3  4  5 |
---------------+----------------+-----
Stealth        | 3 4 |  4.2
Dodging        | 3 |  3.6
Earth Magic    | 4 |  4.3
Spellcasting   | |  2.7
Transmutations | |  1.0

Action                   |  1- 3 |  4- 6 || total
-------------------------+-------+-------++-------
Melee: Dagger            |    75 |    37 ||   112
       Tentacles         |     9 |     4 ||    13
       Constrict         |    18 |     7 ||    25
 Cast: Sandblast         |    23 |    24 ||    47
  Use: Scroll            |     2 |     4 ||     6
       Potion            |       |     2 ||     2
 Stab: Sleeping          |     7 |    10 ||    17
Armor: Skin              |     7 |     3 ||    10
Dodge: Dodged            |    55 |    20 ||    75

Table legend: (Time is in decaauts)
 A = Elapsed time spent in this place.
 B = Non-inter-level travel time spent in this place.
 C = Inter-level travel time spent in this place.
 D = Time resting spent in this place.
 E = Time spent auto-exploring this place.
 F = Levels seen in this place.
 G = Mean time per level.
                   A        B        C        D        E       F      G
               +--------+--------+--------+--------+--------+-----+--------+
         Total |   3484 |   3413 |     71 |      0 |   2964 |   4 |  871.0 |
       Dungeon |   3484 |   3413 |     71 |      0 |   2964 |   4 |  871.0 |
               +--------+--------+--------+--------+--------+-----+--------+

Top non-repeatable levels by time:
     D:1: 1320 daAuts
     D:3: 1017 daAuts
     D:2: 837 daAuts
     D:4: 308 daAuts
